 Dungeon Crawl Stone Soup version 0.23-a0-644-gb60d84b (webtiles) character file.

85 Borgoz the Sneak (level 4, 0/29 HPs)
             Began as a Halfling Assassin on Jan 2, 2019.
             Slain by a phantom (5 damage)
             ... on level 4 of the Dungeon.
             The game lasted 00:04:38 (2562 turns).

Borgoz the Sneak (Halfling Assassin)                Turns: 2562, Time: 00:04:39

Health: 0/29       AC:  3    Str: 12    XL:     4   Next: 75%
Magic:  4/4        EV: 14    Int:  9    God:
Gold:   201        SH:  0    Dex: 16    Spells: 3/3 levels left

rFire    . . .     SeeInvis .   a - +2 dagger
rCold    . . .     Gourm    .   (shield restricted)
rNeg     . . .     Faith    .   c - +0 robe
rPois    .         Spirit   .   (no helmet)
rElec    .         Reflect  .   d - +0 cloak
rCorr    .         Harm     .   (no gloves)
MR       .....                  (no boots)
Stlth    +++.......             (no amulet)
HPRegen  0.09/turn              h - ring of attention (curse)
MPRegen  0.09/turn              i - ring of stealth

@: no status effects
A: small, mutation resistance 1
a: no special abilities


You were on level 4 of the Dungeon.
You were not hungry.

You visited 1 branch of the dungeon, and saw 4 of its levels.

You collected 201 gold pieces.

Inventory:

Hand Weapons
 a - a +2 dagger (weapon)
 b - a +0 blowgun
Missiles
 e - 8 poisoned needles
 f - 2 curare-tipped needles
Armour
 c - a +0 robe (worn)
 d - a +0 cloak (worn)
Jewellery
 h - a cursed ring of attention (left hand)
 i - a ring of stealth (right hand)
Scrolls
 j - 4 scrolls of identify
 l - a scroll of magic mapping {unknown}
 m - 2 scrolls of amnesia {unknown}
 o - a scroll of noise {unknown}
 p - 2 scrolls of remove curse {unknown}
 r - a scroll of teleportation {unknown}
 t - 2 scrolls of enchant armour {unknown}
Potions
 k - a potion of degeneration
 n - a potion of invisibility
 s - 2 potions of heal wounds
Comestibles
 g - 4 rations


   Skills:
 + Level 2.1 Fighting
 + Level 3.2 Short Blades
 + Level 2.1 Throwing
 + Level 1.4 Dodging
 + Level 5.9 Stealth


You had 3 spell levels left.
You didn't know any spells.
Your spell library was empty.

Dungeon Overview and Level Annotations

Branches:
Dungeon (4/15)
 Temple: D:4-7

Altars:
Hepliaklqana
Kikubaaqudgha
Trog
Xom
The Shining One


Innate Abilities, Weirdness & Mutations

You are small and have problems with some larger weapons.
You are somewhat resistant to further mutation.


Message History

You are too injured to fight recklessly!
A phantom is nearby!
A phantom is nearby!
You hit the phantom but do no damage.
The phantom is severely damaged.
The phantom hits you.
* * * LOW HITPOINT WARNING * * *
You hit the phantom.
The phantom is almost destroyed.
The phantom blinks!
You start resting.
The phantom is too close now for your liking.
You closely miss the phantom.
The phantom is almost destroyed.
The phantom hits you.
* * * LOW HITPOINT WARNING * * *
You barely miss the phantom.
The phantom is almost destroyed.
The phantom hits you.
You die...

..###....#####.. #
.......#.......# .# .#
..####....#######.##.#
#######..............
........#.###........
#########............
#####..#...# ###
##.#W# #
.....##.#@#####
#..........#
###...###..# #.....#
## #.....# #.....#
#.....# #######


You could see a phantom.

Vanquished Creatures
  A gnoll (D:1)
  2 adders (D:3)
  2 dart slugs
  2 leopard geckos (D:1)
  4 bat zombies (D:3)
  4 giant cockroaches
  3 goblins
  7 hobgoblins
  7 jackals (D:3)
  3 kobolds (D:3)
  A quokka (D:3)
  3 bats
  5 frilled lizards
  3 rats (D:1)
  A rat zombie (D:3)
48 creatures vanquished.

Notes
Turn   | Place    | Note
-------+----------+-------------------------------------------
     0 | D:1      | Borgoz the Halfling Assassin began the quest for the Orb.
     0 | D:1      | Reached XP level 1. HP: 14/14 MP: 1/1
    39 | D:1      | Reached XP level 2. HP: 3/19 MP: 2/2
   357 | D:1      | Reached skill level 5 in Stealth
   560 | D:1      | Reached XP level 3. HP: 23/24 MP: 3/3
  1540 | D:3      | Found an ancient bone altar of Kikubaaqudgha.
  1618 | D:3      | Found a bloodstained altar of Trog.
  1626 | D:3      | Reached XP level 4. HP: 28/29 MP: 4/4
  2408 | D:3      | Found a hazy altar of Hepliaklqana.
  2409 | D:3      | Found a shimmering altar of Xom.
  2410 | D:3      | Noticed a spectral ugly thing
  2466 | D:3      | Found a glowing golden altar of the Shining One.
  2530 | D:4      | Noticed a phantom
  2562 | D:4      | Slain by a phantom

Vault maps used:
D:1:      evilmike_arrival_crescent
D:3:      regret_index_temple_of_mockery, lemuel_crystal_altar,
          lemuel_zombie_altar_kikubaaqudgha, lemuel_crystal_altar
D:4:      kennysheep_okawaru_gauntlet, uniq_eustachio

Skill      XL: |  1  2  3  4 |
---------------+-------------+-----
Stealth        | 5 |  5.9
Fighting       | 2 |  2.1
Short Blades   | 3 |  3.2
Throwing       | |  2.1
Dodging        | |  1.4

Action                   |  1- 3 |  4- 6 || total
-------------------------+-------+-------++-------
Melee: Dagger            |    96 |   106 ||   202
  Use: Scroll            |       |     3 ||     3
       Potion            |       |     2 ||     2
 Stab: Sleeping          |    13 |     1 ||    14
  Eat: Chunk             |     2 |     3 ||     5
Armor: Robe              |    21 |    22 ||    43
Dodge: Dodged            |    68 |   111 ||   179

Table legend:
 A = Non-vault XP
 B = Vault XP
 C = Vault XP percentage of total XP
 D = Non-vault monster count
 E = Vault monster count
 F = Vault count percentage of total count
                 A         B        C        D         E       F
            +---------+---------+-------+---------+---------+-------
      Total |     113 |       9 |   7.4 |      43 |       5 |  10.4
            +---------+---------+-------+---------+---------+-------
        D:1 |      41 |       0 |   0.0 |      16 |       0 |   0.0
        D:2 |      15 |       0 |   0.0 |       7 |       0 |   0.0
        D:3 |      57 |       9 |  13.6 |      20 |       5 |  20.0
            +---------+---------+-------+---------+---------+-------
